 Dungeon Crawl Stone Soup version 0.17-a0-1504-gb7d9117 (webtiles) character file.

30763 Snupthedog the Summoner (level 13, -4/72 HPs)
             Began as a Tengu Summoner on July 7, 2015.
             Was the Champion of Cheibriados.
             Slain by a shadow (25 damage)
             ... on level 14 of the Dungeon on July 9, 2015.
             The game lasted 01:26:51 (15243 turns).

Snupthedog the Summoner (Tengu Summoner)           Turns: 15243, Time: 01:26:52

Health: -4/72      AC: 13    Str: 28      XL:     13   Next: 53%
Magic:  18/29      EV: 24    Int: 29 (31) God:    Cheibriados [******]
Gold:   1355       SH:  8    Dex: 32      Spells: 9 memorised, 2 levels left

rFire  x . .     SeeInvis .     R - staff of poison (curse)
rCold  + + .     Clarity  .     C - +2 troll leather armour
rNeg   . . .     SustAt   .     v - +0 buckler
rPois  +         Gourm    .     (helmet restricted)
rElec  +         Spirit   .     H - +2 cloak {MR+}
rCorr  .         Warding  .     f - +1 pair of gloves of the Morning Star {rElec}
rMut   .         Stasis   .     (boots unavailable)
MR     +....                    (no amulet)
Stlth  +++.......               j - ring of protection from cold
                                g - ring of ice

@: very slow, somewhat resistant to hostile enchantments, fairly stealthy
A: beak, horns 1, talons 3, yellow scales 1, agile 1, deformed body, MP-powered
wands, able to fly 1
a: Fly, Bend Time, Temporal Distortion, Slouch, Step From Time, Renounce
Religion


You were on level 14 of the Dungeon.
You worshipped Cheibriados.
Cheibriados was exalted by your worship.
You were not hungry.

You visited 2 branches of the dungeon, and saw 15 of its levels.
You also visited: Ice Cave.

You collected 1419 gold pieces.
You spent 64 gold pieces at shops.

Inventory:

Hand weapons
 a - a +1 dagger of venom
 r - a +2 dagger of protection
 z - a +0 dagger of flaming
Missiles
 y - 31 poisoned needles (quivered)
Armour
 f - the +1 pair of gloves of the Morning Star (worn) {rElec}
   (You acquired it on level 6 of the Dungeon)

   It insulates you from electricity.
 v - a +0 buckler (worn)
 C - a +2 troll leather armour (worn)
 H - a +2 cloak of magic resistance (worn)
Magical staves
 B - an uncursed staff of earth
 R - a cursed staff of poison (weapon)
 S - an uncursed staff of wizardry
Jewellery
 d - an uncursed ring of protection from magic
 g - a ring of ice (left hand)
 j - a ring of protection from cold (right hand)
 m - an uncursed ring of teleportation
 q - a +5 ring of dexterity
Magical devices
 p - a wand of heal wounds (5)
 A - a wand of polymorph (15)
 F - a wand of paralysis (4)
 K - a wand of digging (16)
 Q - a wand of disintegration (13)
Scrolls
 l - 5 scrolls of teleportation
 o - 3 scrolls of magic mapping
 t - a scroll of recharging
 G - a scroll of enchant armour
Potions
 e - 3 potions of cancellation
 h - 2 potions of agility
 i - 2 potions of flight
 s - a potion of magic
 w - a potion of resistance
 E - 3 potions of invisibility {unknown}
 N - 2 potions of heal wounds
 P - 2 potions of curing
Books
 u - a book of Callings

   Spells                             Type                      Level
   a - Summon Small Mammal            Summoning                    1
   b - Call Imp                       Summoning                    2
   c - Call Canine Familiar           Summoning                    3
   d - Summon Guardian Golem          Hexes/Summoning              3
   e - Summon Lightning Spire         Summoning/Air                4
   f - Summon Ice Beast               Ice/Summoning                4
 D - a book of Necromancy

   Spells                             Type                      Level
   a - Pain                           Necromancy                   1
   b - Animate Skeleton               Necromancy                   1
   c - Vampiric Draining              Necromancy                   3
   d - Regeneration                   Charms/Necromancy            3
   e - Animate Dead                   Necromancy                   4
   f - Control Undead                 Necromancy                   4
 J - the Tome of Calling
   (You acquired it in an ice cave)

   Spells                             Type                      Level
   a - Summon Butterflies             Summoning                    1
   b - Summon Small Mammal            Summoning                    1
   c - Shadow Creatures               Summoning                    5
   d - Summon Demon                   Summoning                    5
   e - Summon Hydra                   Summoning                    7
 M - a book of Ice

   Spells                             Type                      Level
   a - Ice Form                       Ice/Transmutation            4
   b - Metabolic Englaciation         Hexes/Ice                    5
   c - Ozocubu's Refrigeration        Ice                          6
   d - Bolt of Cold                   Conjuration/Ice              6
   e - Freezing Cloud                 Conjuration/Ice/Air          6
   f - Simulacrum                     Ice/Necromancy               6
Miscellaneous
 k - a phial of floods
 I - a phantom mirror
Comestibles
 c - 8 bread rations
 n - 8 meat rations
 x - 6 beef jerkies
 L - 9 royal jellies


   Skills:
 - Level 4.8 Fighting
 - Level 6.0 Short Blades
 - Level 8.0 Armour
 + Level 9.6 Dodging
 - Level 2.2 Stealth
 - Level 5.5 Shields
 - Level 11.1 Spellcasting
 - Level 0.7 Hexes
 + Level 14.1 Summonings
 - Level 5.8 Necromancy


You had 2 spell levels left.
You knew the following spells:

 Your Spells              Type           Power        Failure   Level  Hunger
a - Summon Small Mammal   Summ           ####         0%          1    None
b - Call Imp              Summ           #######.     1%          2    None
c - Call Canine Familiar  Summ           #######.     1%          3    None
d - Summon Guardian Gole  Hex/Summ       ######..     1%          3    None
e - Summon Ice Beast      Ice/Summ       ######..     1%          4    None
f - Summon Lightning Spi  Summ/Air       ######..     1%          4    None
g - Regeneration          Chrm/Necr      ####......   3%          3    None
h - Shadow Creatures      Summ           N/A          1%          5    ###....
i - Summon Hydra          Summ           #######...   12%         7    ######.


Dungeon Overview and Level Annotations

Branches:
Dungeon (14/15)            Temple (1/1) D:6            Lair (0/8) D:8
    Orc (0/4) D:10         Vaults (0/5) D:13

Altars:
Cheibriados
Fedhas
Gozag
Kikubaaqudgha
Nemelex Xobeh
Okawaru
Qazlal
Sif Muna
Xom

Shops:
D:9 (   D:10 (   D:13 *


Innate Abilities, Weirdness & Mutations

You have a beak for a mouth.
You have claws for feet.
You can fly.
You have a pair of small horns on your head.
You are partially covered in yellow scales (AC +2).
You are agile. (Dex +2)
Armour fits poorly on your strangely shaped body.
You expend magic power (3 MP) to strengthen your wands.


Message History

Your ice beast hits the ice beast.
Your ice beast freezes the ice beast.
The ice beast completely resists.
Your ice beast hits the ice beast.
Your ice beast freezes the ice beast.
The ice beast completely resists.
You block the centaur warrior's attack.
The shadow slips into darkness.
The shadow flickers and vanishes!
Deactivating autopickup; reactivate with Ctrl-A.
The ice beast hits your ice beast. The ice beast freezes your ice beast.
Your ice beast completely resists.
You hit the centaur warrior but do no damage.
You claw the centaur warrior. You peck the centaur warrior.
The centaur warrior is lightly wounded.
The centaur warrior hits you!
* * * LOW HITPOINT WARNING * * *
Your ice beast hits the ice beast.
Your ice beast freezes the ice beast.
The ice beast completely resists.
Your ice beast barely misses the ice beast.
The ice beast closely misses your ice beast.
The shadow strikes at you from the darkness!
You die...

#####.#.#..# #.#
#........#### #.#
#.###.......# .#
#........##.#
#####.#..#..#
#####.#..#.####.#
..................
####....#.#######
#@((...#
#.....c{.....#
......Y8..[..#
..###YY#.#...#
#≈≈≈#.#≈≈≈#
≈≈≈≈≈#.#≈≈≈≈≈
≈≈≈≈≈≈#.#≈≈≈≈≈≈
≈≈≈≈≈≈#.# ≈≈≈≈≈


You could see a centaur warrior, an ice beast and 2 friendly ice beasts.

Vanquished Creatures
  A death yak (IceCv)
  An unseen horror (D:12)
  4 hill giants
  Pikel (D:7)
  An ugly thing (D:14)
  A manticore (D:14)
  A queen bee (D:12)
  2 trolls
  7 polar bears (IceCv)
  2 centaur simulacra (D:14)
  A two-headed ogre (D:8)
  A deep elf mage (D:10)
  2 water elementals (D:14)
  27 yaks
  A shadow (D:11)
  2 hungry ghosts
  5 wolves (IceCv)
  A wandering mushroom (D:8)
  3 hippogriffs
  Menkaure (D:6)
  A porcupine (shapeshifter) (D:13)
  An ice beast (D:13)
  A wasp (D:8)
  8 orc warriors
  2 necrophages (D:9)
  A phantom (D:7)
  4 ogres
  A sky beast (D:9)
  9 centaurs
  A big kobold (D:9)
  2 scorpions
  A wyvern skeleton (D:11)
  4 giant frogs
  A water moccasin skeleton (D:8)
  13 killer bees
  A wight (D:9)
  A quasit (D:12)
  A hound (D:7)
  2 crimson imps
  3 giant frog skeletons
  4 giant frog zombies
  A centaur skeleton (D:11)
  2 orc priests
  4 jellies
  7 orc wizards
  9 worker ants
  A hound skeleton (D:5)
  A worker ant zombie (D:8)
  Robin (D:2)
  5 adders
  3 shadow imps
  3 white imps
  2 oozes
  7 giant geckos
  25 orcs
  2 giant cockroaches
  2 hobgoblins
  8 jackals
  14 kobolds
  3 ball pythons
  11 bats
  5 giant newts
  14 goblins
  A quokka (D:3)
  15 rats
273 creatures vanquished.

Vanquished Creatures (collateral kills)
  A hydra (D:12)
  A hydra (shapeshifter) (D:13)
  2 centaur warriors (D:13)
  2 unseen horrors
  6 hill giants
  A wolf spider zombie (D:12)
  An orb spider (shapeshifter) (D:14)
  2 cyclopes
  8 ugly things
  A griffon (D:14)
  A moth of wrath (shapeshifter) (D:13)
  Maurice (D:10)
  A centaur zombie (D:12)
  A centaur skeleton (D:14)
  A gargoyle (D:11)
  3 trolls
  A polar bear (IceCv)
  Prince Ribbit (D:6)
  A wandering mushroom (D:8)
  A centaur simulacrum (D:14)
  28 yaks
  2 deep elf magi
  A basilisk (D:12)
  A mottled dragon (D:11)
  8 wolves
  A wyvern (D:13)
  A soldier ant (D:14)
  An eye of draining (D:14)
  2 sky beasts
  4 slaves (D:7)
  4 orc warriors
  18 centaurs
  3 ogres
  5 ice beasts
  8 giant frogs
  A crocodile (D:14)
  A brain worm (D:11)
  A wyvern skeleton (D:6)
  20 killer bees
  8 wights
  2 electric eels (D:14)
  3 orc priests
  A giant frog skeleton (D:10)
  2 jellies
  A wyvern simulacrum (D:14)
  3 hounds
  15 orc wizards
  7 worker ants
  4 sheep (D:14)
  4 gnolls (D:3)
  An adder (D:3)
  A white imp (D:14)
  2 ufetubi (D:12)
  A worm (D:4)
  A giant gecko (D:8)
  39 orcs
  2 ball pythons
  3 bats
  5 hobgoblins
  6 jackals
  4 kobolds
  A ball python skeleton (D:4)
  4 giant cockroaches
  A giant newt (D:6)
  8 goblins
  2 quokkas
  A quokka skeleton (D:4)
  4 rats
283 creatures vanquished.

Vanquished Creatures (others)
  A frost giant (IceCv)
  3 ugly things (D:14)
  7 polar bears
  2 yaks (D:7)
  A wolf (IceCv)
  A hound (D:3)
  A fungus (D:8)
16 creatures vanquished.

Grand Total: 572 creatures vanquished

Notes
Turn   | Place    | Note
--------------------------------------------------------------
     0 | D:1      | Snupthedog the Tengu Summoner began the quest for the Orb.
     0 | D:1      | Reached XP level 1. HP: 10/10 MP: 4/4
    16 | D:1      | Reached skill level 5 in Summonings
   504 | D:1      | Reached XP level 2. HP: 15/15 MP: 6/6
   624 | D:1      | Found a snail-covered altar of Cheibriados.
   630 | D:1      | Became a worshipper of Cheibriados the Contemplative
   652 | D:1      | Learned a level 2 spell: Call Imp
  1296 | D:2      | Reached XP level 3. HP: 19/19 MP: 7/7
  1329 | D:2      | Acquired Cheibriados's first power
  1629 | D:2      | Learned a level 3 spell: Call Canine Familiar
  1843 | D:2      | Noticed Robin
  1851 | D:2      | Killed Robin
  1990 | D:2      | Found a stormy altar of Qazlal.
  2030 | D:2      | Reached XP level 4. HP: 20/24 MP: 8/8
  2412 | D:3      | Reached skill level 6 in Summonings
  2561 | D:3      | Acquired Cheibriados's second power
  2562 | D:3      | Reached skill level 1 in Short Blades
  2605 | D:3      | Found a sparkling altar of Nemelex Xobeh.
  2752 | D:4      | Noticed an ogre
  2752 | D:4      | Noticed an ogre
  2760 | D:4      | Killed an ogre
  2760 | D:4      | Reached skill level 1 in Fighting
  2760 | D:4      | Gained mutation: You can fly. [Tengu growth]
  2760 | D:4      | Reached XP level 5. HP: 27/29 MP: 0/10
  2768 | D:4      | Killed an ogre
  2847 | D:4      | Reached XP level 6. HP: 24/34 MP: 8/11
  3772 | D:4      | Acquired Cheibriados's third power
  4022 | D:5      | Entered Level 5 of the Dungeon
  4103 | D:5      | Reached skill level 7 in Summonings
  4571 | D:5      | Reached XP level 7. HP: 35/38 MP: 13/13
  4741 | D:5      | Learned a level 3 spell: Summon Guardian Golem
  5149 | D:6      | Found a staircase to the Ecumenical Temple.
  5179 | Temple   | Entered the Ecumenical Temple
  5227 | D:6      | Noticed Menkaure
  5242 | D:6      | Killed Menkaure
  5475 | D:6      | Reached skill level 5 in Dodging
  5497 | D:6      | Noticed Prince Ribbit
  5545 | D:6      | Acquired Cheibriados's fourth power
  5804 | D:6      | Killed Prince Ribbit
  5845 | D:7      | Reached XP level 8. HP: 44/44 MP: 11/15
  5849 | D:7      | Noticed a yak
  5851 | D:7      | Noticed a yak
  5852 | D:7      | Noticed a yak
  5852 | D:7      | Noticed a yak
  5854 | D:7      | Noticed a yak
  5860 | D:7      | Killed a yak
  5862 | D:7      | Killed a yak
  5862 | D:7      | Reached skill level 8 in Summonings
  5863 | D:7      | Killed a yak
  5865 | D:7      | Gained mutation: You are frail (-10% HP). [potion of mutation]
  5865 | D:7      | Gained mutation: Armour fits poorly on your strangely shaped body. [potion of mutation]
  5868 | D:7      | Noticed Pikel
  5870 | D:7      | Killed a yak
  5870 | D:7      | Reached skill level 5 in Spellcasting
  6138 | D:6      | Identified a scroll of acquirement
  6141 | D:6      | Got a pair of heavily runed gloves
  6152 | D:6      | Identified the +1 pair of gloves of the Morning Star {rElec} (You acquired it on level 6 of the Dungeon)
  6207 | D:6      | Gained mutation: You are partially covered in yellow scales (AC +2). [potion of mutation]
  6207 | D:6      | Gained mutation: You are agile. (Dex +2) [potion of mutation]
  6208 | D:6      | Gained mutation: You have a pair of small horns on your head. [potion of mutation]
  6208 | D:6      | Gained mutation: Your mind is acute. (Int +2) [potion of mutation]
  6209 | D:6      | Lost mutation: Your mind is acute. (Int +2) [potion of mutation]
  6209 | D:6      | Lost mutation: You are frail (-10% HP). [potion of mutation]
  6209 | D:6      | Gained mutation: You expend magic power (3 MP) to strengthen your wands. [potion of mutation]
  6284 | D:7      | Noticed a hippogriff
  6288 | D:7      | Killed a hippogriff
  6296 | D:7      | Killed a yak
  6362 | D:7      | Killed Pikel
  6362 | D:7      | Reached skill level 9 in Summonings
  6362 | D:7      | Reached XP level 9. HP: 43/48 MP: 12/18
  6564 | D:7      | Learned a level 4 spell: Summon Ice Beast
  6569 | D:7      | Learned a level 4 spell: Summon Lightning Spire
  6729 | D:7      | Found a deep blue altar of Sif Muna.
  7267 | D:8      | Found a staircase to the Lair.
  7267 | D:8      | Noticed a wandering mushroom
  7377 | D:8      | Reached skill level 1 in Armour
  7426 | D:8      | Noticed a wandering mushroom
  7441 | D:8      | Killed a wandering mushroom
  7587 | D:8      | Reached XP level 10. HP: 54/54 MP: 15/20
  7712 | D:8      | Reached skill level 5 in Armour
  7738 | D:8      | Killed a wandering mushroom
  7960 | D:9      | Found Burukaoc's Antique Weapon Shoppe.
  7979 | D:9      | Bought a glowing dagger for 64 gold pieces
  8734 | D:10     | Entered Level 10 of the Dungeon
  8735 | D:10     | Noticed a hill giant
  8754 | D:10     | Killed a hill giant
  8890 | D:10     | Reached skill level 10 in Summonings
  9107 | D:10     | Found Poenuto's Weapon Shop.
  9159 | D:10     | Found a staircase to the Orcish Mines.
  9173 | D:10     | Noticed Maurice
  9182 | D:10     | Killed Maurice
  9267 | D:10     | Reached skill level 11 in Summonings
  9438 | D:10     | Reached XP level 11. HP: 60/60 MP: 21/21
  9565 | D:10     | Noticed a hill giant
  9570 | D:10     | Noticed a hill giant
  9575 | D:10     | Reached skill level 12 in Summonings
  9577 | D:10     | Killed a hill giant
  9584 | D:10     | Killed a hill giant
 10142 | D:11     | Found a snail-covered altar of Cheibriados.
 10155 | D:11     | Killed an unseen horror
 10155 | D:11     | Reached skill level 5 in Short Blades
 10337 | D:11     | Noticed a hill giant
 10348 | D:11     | Killed a hill giant
 10444 | D:11     | Noticed a hill giant
 10447 | D:11     | Killed a hill giant
 10447 | D:11     | Reached skill level 13 in Summonings
 10550 | D:11     | Noticed a hill giant
 10556 | D:11     | Killed a hill giant
 11012 | D:11     | Noticed a hill giant
 11018 | D:11     | Killed a hill giant
 11659 | D:11     | Reached skill level 1 in Shields
 11808 | D:12     | Reached XP level 12. HP: 60/68 MP: 3/22
 11871 | D:12     | Found a frozen archway.
 11878 | IceCv    | Entered an ice cave
 11977 | IceCv    | HP: 3/68 [something (6)]
 11990 | IceCv    | Learned a level 3 spell: Regeneration
 12001 | IceCv    | Got a dazzling chain mail
 12012 | IceCv    | Reached skill level 5 in Shields
 12113 | IceCv    | Reached skill level 1 in Necromancy
 12235 | IceCv    | Identified the +1 chain mail of the Scribe {+Fly rPois rCorr Dex-5} (You acquired it in an ice cave)
 12248 | IceCv    | Identified the Tome of Calling (You acquired it in an ice cave)
 12255 | IceCv    | Learned a level 5 spell: Shadow Creatures
 12343 | IceCv    | Noticed a frost giant
 12343 | IceCv    | Noticed a death yak
 12364 | IceCv    | Killed a death yak
 12366 | IceCv    | Killed a frost giant
 12637 | D:12     | Noticed a hill giant
 12646 | D:12     | Killed a hill giant
 12699 | D:12     | Found an iron altar of Okawaru.
 12915 | D:12     | Killed an unseen horror
 13160 | D:12     | Reached skill level 10 in Spellcasting
 13286 | D:13     | Found Beddut's General Store.
 13286 | D:13     | Noticed a centaur warrior
 13290 | D:12     | Noticed a six-headed hydra
 13299 | D:12     | Killed a six-headed hydra
 13363 | D:13     | Reached XP level 13. HP: 72/72 MP: 6/28
 13435 | D:13     | Learned a level 7 spell: Summon Hydra
 13748 | D:13     | Killed a centaur warrior
 13757 | D:13     | Found a gate to the Vaults.
 13922 | D:13     | Noticed a centaur warrior
 14167 | D:13     | Killed a centaur warrior
 14335 | D:14     | Reached skill level 5 in Necromancy
 14575 | D:14     | Found a shimmering altar of Xom.
 14899 | D:14     | Reached skill level 14 in Summonings
 15243 | D:14     | Slain by a shadow

Vault maps used:
D:1:      dpeg_arrival_connections, minmay_crystal_water, cheibriados_altar_1
D:2:      grunt_qazlal_clouds, uniq_robin
D:3:      nemelex_altar_shiori, first_bread, nrook_loot_triangle
D:5:      serial_park_tiny_2
D:6:      temple_fountains, uniq_menkaure, uniq_prince_ribbit1
D:7:      grunt_ogre_cave, led_sif_book, uniq_pikel
D:8:      dpeg_oklobed_lair
D:9:      nicolae_overflow_hidden_temple, serial_shops, shop_coins,
          kennysheep_cluttered_room
D:10:     minmay_goldmine, orc_david_3, uniq_maurice
D:11:     basic_altar, spider_trap
D:12:     special_room, basic_altar, serial_ice, serial_ice_m, serial_ice_c,
          serial_ice_o, serial_ice_d, portal_ice_cave_entry_pillars_02
D:13:     david_vaults_2, serial_shops, shop
D:14:     nicolae_whirlpool, serial_shops, shop, serial_ice, serial_ice_b,
          serial_ice_g, serial_ice_l, serial_ice_a, serial_ice_m, serial_ice_f,
          serial_ice_n, kennysheep_flooded_box
Temple:   lightli_temple_of_artemis
IceCv:    ice_cave_caverns_03

Action                   |  1- 3 |  4- 6 |  7- 9 | 10-12 | 13-15 || total
-------------------------+-------+-------+-------+-------+-------++-------
Melee: Unarmed           |    13 |       |       |       |       ||    13
       Dagger            |    80 |   128 |   157 |   434 |       ||   799
       Staff             |       |       |       |   120 |   165 ||   285
 Cast: Summon Small Mamm |    11 |     2 |       |       |       ||    13
       Call Imp          |     5 |    14 |    13 |       |       ||    32
       Call Canine Famil |     2 |    17 |    20 |    53 |    19 ||   111
       Summon Guardian G |       |       |     3 |    15 |     6 ||    24
       Summon Ice Beast  |       |       |     8 |    39 |    23 ||    70
       Summon Lightning  |       |       |       |     9 |     7 ||    16
       Regeneration      |       |       |       |     5 |     3 ||     8
       Shadow Creatures  |       |       |       |     4 |     1 ||     5
 Abil: Fly               |       |     1 |       |       |     2 ||     3
  Use: Scroll            |       |    10 |     9 |    14 |       ||    33
       Potion            |       |     2 |     7 |     1 |     2 ||    12
 Stab: Sleeping          |     5 |     4 |     9 |    11 |     2 ||    31
       Distracted        |     2 |     1 |     4 |    10 |     3 ||    20
       Fleeing           |       |       |       |     2 |       ||     2
  Eat: Chunk             |     3 |     1 |     3 |    11 |     5 ||    23
       Fruit             |     1 |     2 |     1 |     2 |       ||     6
       Pizza             |       |     1 |     1 |     1 |       ||     3
       Royal jelly       |       |     1 |       |       |       ||     1
       Beef jerky        |       |       |       |     1 |       ||     1
